 Dungeon Crawl Stone Soup version 0.28-a0-1504-g839a4452db (webtiles) character file.

Game seed: 7030903822050650879

23 Cheeritup the Ruffian (level 2, 0/23 HPs)
             Began as a Draconian Transmuter on Jan 13, 2022.
             Succumbed to an adder's poison
             ... on level 2 of the Dungeon.
             The game lasted 00:01:32 (835 turns).

Cheeritup the Ruffian (Draconian Transmuter)         Turns: 835, Time: 00:01:32

Health: 0/23       AC:  4    Str: 12    XL:     2   Next: 72%
Magic:  4/5        EV: 16    Int: 13    God:
Gold:   54         SH:  0    Dex: 11    Spells: 2/5 levels left

rFire   . . .      SeeInvis .   a - +1 dagger (elec)
rCold   . . .      Faith    .   (no shield)
rNeg    . . .      Spirit   .   (armour unavailable)
rPois   .          Reflect  .   (helmet currently unavailable)
rElec   .          Harm     .   e - scarf {repulsion}
rCorr   .          Rampage  .   (no gloves)
Will    .....                   (boots currently unavailable)
Stlth   +.........              (no amulet)
HPRegen 0.07/turn               d - +4 ring of evasion
MPRegen 0.09/turn               (no ring)

@: lethally poisoned (0 -> -6), appendages (expiring), repel missiles
A: horns 2, talons 2, AC +4, unfitting armour, cold-blooded
a: End Transformation


You were on level 2 of the Dungeon.
You had temporarily grown beastly horns and talons.
You visited 1 branch of the dungeon, and saw 2 of its levels.

You collected 54 gold pieces.

Inventory:

Hand Weapons
 a - a +1 dagger of electrocution (weapon)
Armour
 e - a scarf of repulsion (worn)
Jewellery
 d - a +4 ring of evasion (left hand)
Scrolls
 b - a scroll of magic mapping {unknown}
 c - a scroll of identify {unknown}


   Skills:
 + Level 1.6 Fighting
 - Level 1.7 Dodging
 * Level 3.4 Unarmed Combat
 - Level 2.0 Spellcasting
 * Level 2.6 Transmutations


You had 2 spell levels left.
You knew the following spells:

 Your Spells              Type           Power      Damage    Failure   Level
a - Beastly Appendage     Tmut           16%        N/A       9%          1
b - Wereblood             Tmut           8%         N/A       13%         2

Your spell library contained the following spells:

 Spells                   Type           Power      Damage    Failure   Level
 Spider Form              Tmut/Pois      4%         N/A       41%         3
 Ice Form                 Ice/Tmut       4%         N/A       83%         4


Dungeon Overview and Level Annotations

Branches:
Dungeon (2/15)

Altars:


Innate Abilities, Weirdness & Mutations

You have temporarily grown beastly horns and talons.
Your plain brown scales are hard. (AC +4)
You cannot fit into any form of body armour.
You are cold-blooded and may be slowed by cold attacks.


Message History

You hit the adder but do no damage. The adder barely misses you.
You hit the adder. Your kick misses the adder. Your headbutt misses the adder.
The adder is lightly wounded.
The adder closely misses you.
You barely miss the adder.
Your tail-slap misses the adder.
The adder is lightly wounded.
The adder bites you.
You are poisoned.
The adder poisons you!
You miss the adder. Your kick misses the adder.
The adder is lightly wounded.
You feel sick. The adder barely misses you. The adder bites you.
You are more poisoned.
The adder poisons you! The endoplasm misses you.
You completely miss the adder. Your kick misses the adder.
Your punch misses the adder.
The adder is lightly wounded.
Your transformation is almost over.
You feel very sick. The adder barely misses you. The endoplasm freezes you.
You are frozen.
You are too injured to fight recklessly!
You are too injured to fight recklessly!
You hit the adder. You headbutt the adder.
The adder is heavily wounded.
You feel sick. The adder bites you but does no damage.
The endoplasm freezes you.
You are frozen.
* * * LOW HITPOINT WARNING * * *
You barely miss the adder. You claw the adder, but do no damage.
Your headbutt misses the adder.
Your tail-slap misses the adder.
The adder is heavily wounded.
* * * LOW HITPOINT WARNING * * *
You feel sick. The adder barely misses you. The endoplasm misses you.
The adder misses you.
You barely miss the adder. Your headbutt misses the adder.
Your tail-slap misses the adder.
The adder is moderately wounded.
You die...

#. .# .. .## .
..#
...####[####.#
.......S.....#.
#J@.......
#.#..####.
#.##....
#.##..### #
#.##..###.
#.........#
##.....##.#.#
#.....##.#.#
###.....##.#.#


You could see an adder and an endoplasm.

Vanquished Creatures
  2 ball pythons (D:1)
  A bat (D:1)
  3 endoplasms (D:1)
  3 giant cockroaches
  2 goblins (D:1)
  3 hobgoblins (D:1)
  A frilled lizard (D:1)
  2 kobolds (D:1)
  2 rats (D:1)
19 creatures vanquished.

Notes
Turn   | Place    | Note
-------+----------+-------------------------------------------
     0 | D:1      | Cheeritup the Draconian Transmuter began the quest for the
                  | Orb.
     0 | D:1      | Reached XP level 1. HP: 16/16 MP: 3/3
   163 | D:1      | Reached XP level 2. HP: 16/23 MP: 5/5
   268 | D:1      | Learned a level 2 spell: Wereblood
   834 | D:2      | HP: 1/23 [poisoned by an adder]
   835 | D:2      | Succumbed to an adder's poison

Illustrated notes

Levels and vault maps discovered:
D:1:      lightli_arrival_maybe_door_vault, layout_rooms
D:2:      layout_basic, chequers_serial_rivers_micro_b, minmay_liquid_box,
          corexii_corridor_pit, uniq_crazy_yiuf_cottage

Action                   || total
-------------------------++-------
Melee: Dagger            ||    49
       Tailslap          ||     4
       Kick              ||     2
       Headbutt          ||     1
       Punch             ||     1
 Cast: Beastly Appendage ||     3
Armor: Skin              ||     9
Dodge: Dodged            ||    32

Table legend: (Time is in decaauts)
 A = Elapsed time spent in this place.
 B = Non-inter-level travel time spent in this place.
 C = Inter-level travel time spent in this place.
 D = Time resting spent in this place.
 E = Time spent auto-exploring this place.
 F = Levels seen in this place.
 G = Mean time per level.
                   A        B        C        D        E       F      G
               +--------+--------+--------+--------+--------+-----+--------+
         Total |    835 |    816 |     19 |      0 |    666 |   2 |  417.5 |
       Dungeon |    835 |    816 |     19 |      0 |    666 |   2 |  417.5 |
               +--------+--------+--------+--------+--------+-----+--------+

Top non-repeatable levels by time:
     D:1: 681 daAuts
     D:2: 154 daAuts
